 Dungeon Crawl Stone Soup version 0.29-a0-1047-g7c58e119a4 (webtiles) character file.

Game seed: 14865648406458521351

1748 Zeldest the Chopper (level 9, 0/78 HPs)
             Began as a Meteoran Cinder Acolyte on Aug 16, 2022.
             Was an Initiate of Ignis.
             Killed from afar by Dowan (10 damage)
             ... with a shard of ice
             ... on level 6 of the Dungeon.
             The game lasted 00:12:57 (1748 turns).

Zeldest the Chopper (Meteoran Cinder Acolyte)       Turns: 1748, Time: 00:12:57

Health: 0/78       AC:  4    Str: 15    XL:     9   Next: 51%
Magic:  2/19       EV: 11    Int: 21    God:    Ignis [......]
Gold:   128        SH:  0    Dex: 10    Spells: 19/21 levels left

rFire   + + .      SeeInvis .   a - -1 hand axe (flame)
rCold   + . .      Faith    +   (no shield)
rNeg    + . .      Spirit   .   b - +0 robe
rPois   .          Reflect  .   o - +0 helmet
rElec   .          Harm     .   x - scarf {rC+ rF+}
rCorr   .          Rampage  .   p - +0 pair of gloves
Will    +....                   (no boots)
Stlth   +.........              q - amulet of faith
HPRegen 0.23/turn               t - ring of positive energy
MPRegen 0.16/turn               (no ring)

@: glowing, studying Staves
A: sense surroundings 2, otherworldly, glowing, explore regen
a: Renounce Religion, Rising Flame


You were on level 6 of the Dungeon.
You worshipped Ignis.
Ignis was noncommittal.
You visited 1 branch of the dungeon, and saw 7 of its levels.

You collected 128 gold pieces.

Inventory:

Hand Weapons
 a - a -1 hand axe of flaming (weapon)
 m - a +2 short sword of electrocution
 n - a +1 dagger of electrocution
Armour
 b - a +0 robe (worn)
 o - a +0 helmet (worn)
 p - a +0 pair of gloves (worn)
 s - a +1 pair of gloves
 x - a scarf of resistance (worn)
Jewellery
 q - an amulet of faith (around neck)
 t - a ring of positive energy (left hand)
Scrolls
 d - 4 scrolls of enchant weapon
 f - 3 scrolls of teleportation {unknown}
 i - a scroll of butterflies {unknown}
 j - a scroll of enchant armour {unknown}
 l - 2 scrolls of identify
 w - 2 scrolls of fear
 y - a scroll of summoning {unknown}
 A - a scroll of magic mapping {unknown}
Potions
 c - a potion of heal wounds {unknown}
 e - a potion of mutation {unknown}
 g - 3 potions of curing
 h - a potion of resistance {unknown}
 k - a potion of cancellation {unknown}
 r - 2 potions of lignification {unknown}
 u - a potion of magic {unknown}
 v - 2 potions of attraction {unknown}
 z - a potion of brilliance {unknown}


   Skills:
 + Level 6.8 Fighting
 + Level 7.5 Axes
 + Level 6.6 Spellcasting
 + Level 6.5 Necromancy
 - Level 3.6 Fire Magic


You had 19 spell levels left.
You knew the following spells:

 Your Spells              Type           Power      Damage    Failure   Level
a - Scorch                Fire           44%        2d7       3%          2

Your spell library contained the following spells:

 Spells                   Type           Power      Damage    Failure   Level
 Ensorcelled Hibernation  Hex/Ice        12%        N/A       14%         2
 Anguish                  Hex/Necr       10%        N/A       24%         4
 Frozen Ramparts          Ice            12%        1d2       28%         3
 Ozocubu's Armour         Ice            6%         N/A       28%         3
 Spider Form              Tmut/Pois      6%         N/A       28%         3
 Ice Form                 Ice/Tmut       6%         N/A       67%         4
 Summon Ice Beast         Ice/Summ       6%         N/A       67%         4
 Ozocubu's Refrigeration  Ice            3%         4d8       100%        7


Dungeon Overview and Level Annotations

Branches:
Dungeon (7/15) Zot: 2435   Temple (0/1) D:7

Altars:
The Shining One

Shops:
D:1 !   D:6 !

Annotations:
D:6 Dowan


Innate Abilities, Weirdness & Mutations

You passively map the area around you.
You are easily found by Zot.
You glow in the dark.
You regain HP and MP as you explore.


Message History

Confirm with . or Enter, or press ? or * to list all spells.
Flames lash Duvessa.
Duvessa is heavily wounded.
Duvessa hits you with a +0 short sword!
Casting: Scorch (safe; 3% risk of failure)
Confirm with . or Enter, or press ? or * to list all spells.
Flames lash Duvessa.
Duvessa is burned terribly!
You kill Duvessa!
Dowan seems overcome with grief.
Dowan seems to find hidden reserves of power!
Casting: Scorch (safe; 3% risk of failure)
Confirm with . or Enter, or press ? or * to list all spells.
Flames lash Dowan.
Dowan resists.
Dowan is lightly wounded.
Dowan's fire resistance burns away.
Dowan zaps a wand.
The bolt of light misses you.
Casting: Scorch (safe; 3% risk of failure)
Confirm with . or Enter, or press ? or * to list all spells.
Flames lash Dowan.
Dowan is moderately wounded.
Dowan zaps a wand.
The bolt of light hits you!
Casting: Scorch (safe; 3% risk of failure)
Confirm with . or Enter, or press ? or * to list all spells.
Flames lash Dowan.
Dowan is heavily wounded.
Dowan closely misses you.
Dowan zaps a wand.
The bolt of light hits you!
* * * LOW HITPOINT WARNING * * *
Casting: Scorch (safe; 3% risk of failure)
Confirm with . or Enter, or press ? or * to list all spells.
Flames lash Dowan.
Dowan is severely wounded.
Dowan hits you with a +0 dagger.
* * * LOW HITPOINT WARNING * * *
Casting: Scorch (safe; 3% risk of failure)
Confirm with . or Enter, or press ? or * to list all spells.
Flames lash Dowan.
Dowan is almost dead.
Dowan casts a spell at you. The shard of ice hits you! You partially resist.
You die...

......######......>)...#
......................##
.......### #..........#
..........##..........#
....z..............####
..###..##..........# *
##.. ##....######
......#*#....#####
#...##..##..#..e@.#
#.#.. #...e.#####.#
#.##.####...# #.#
#.##..##..#.## #.### #.#
#..#.....# #...##
#.####.e.#.#.# ###..#
#.##....##.#e# #..#
....[##.#.e#e# ##..##
#..####...##.# ....##


You could see Dowan (fast, combustible).

Vanquished Creatures
  A hornet (D:7)
  Eustachio (D:6)
  Duvessa (D:6)
  A black bear (D:6)
  2 centaurs (D:5)
  A phantom (D:4)
  A necrophage (D:5)
  A scorpion (D:6)
  4 wights (D:6)
  5 hounds
  2 jellies
  2 orc priests (D:5)
  5 iguanas
  7 orc wizards
  6 adders
  3 dart slugs
  11 orcs
  4 ball pythons
  6 bats
  3 endoplasms
  A giant cockroach (D:4)
  6 hobgoblins
  A frilled lizard (D:1)
  6 goblins
  5 kobolds
  A rat (D:1)
87 creatures vanquished.

Vanquished Creatures (others)
  54 foxfires
54 creatures vanquished.

Grand Total: 141 creatures vanquished

Notes
Turn   | Place    | Note
-------+----------+-------------------------------------------
     0 | D:1      | Zeldest the Meteoran Cinder Acolyte began the quest for the
                  | Orb.
     0 | D:1      | Reached XP level 1. HP: 19/19 MP: 3/3
    98 | D:1      | Reached XP level 2. HP: 26/26 MP: 5/5
   115 | D:1      | Found Cintywoh's Distillery.
   129 | D:2      | Reached skill level 1 in Necromancy
   146 | D:2      | Reached XP level 3. HP: 31/31 MP: 6/6
   240 | D:2      | Found a faded altar of an unknown god.
   331 | D:2      | Reached skill level 4 in Axes
   343 | D:2      | Reached XP level 4. HP: 24/40 MP: 8/8
   396 | D:3      | You fall into a shaft and drop 3 floors!
   422 | D:6      | Noticed a scorpion
   425 | D:6      | Killed a scorpion
   426 | D:6      | Reached XP level 5. HP: 46/46 MP: 8/10
   438 | D:5      | Entered Level 5 of the Dungeon
   441 | D:5      | Reached XP level 6. HP: 52/52 MP: 11/11
   451 | D:5      | Learned a level 2 spell: Scorch
   460 | D:5      | Noticed a centaur
   466 | D:5      | Killed a centaur
   467 | D:5      | Reached skill level 5 in Axes
   467 | D:5      | Reached XP level 7. HP: 30/60 MP: 13/13
   625 | D:5      | Found a glowing golden altar of the Shining One.
   632 | D:5      | Reached skill level 5 in Fighting
   810 | D:4      | Reached XP level 8. HP: 68/68 MP: 15/15
   904 | D:4      | Reached skill level 6 in Axes
   904 | D:4      | Reached skill level 5 in Necromancy
  1173 | D:5      | Reached skill level 5 in Spellcasting
  1261 | D:6      | Noticed Dowan
  1326 | D:6      | Noticed Duvessa
  1413 | D:6      | Noticed Eustachio
  1422 | D:6      | Killed Eustachio
  1438 | D:6      | Gained mutation: You passively map the area around you.
                  | [Meteoran growth]
  1438 | D:6      | Reached XP level 9. HP: 47/75 MP: 7/18
  1571 | D:7      | Noticed a hornet
  1577 | D:7      | Killed a hornet
  1578 | D:7      | Reached skill level 7 in Axes
  1600 | D:7      | Noticed a two-headed ogre
  1671 | D:6      | Found Oshrir's Distillery.
  1694 | D:6      | Noticed a hornet
  1743 | D:6      | Killed Duvessa
  1748 | D:6      | Killed from afar by Dowan

Illustrated notes

Levels and vault maps discovered:
D:1:      wander_arrival_fairy_ring, layout_loops_cross, serial_shops,
          shop_statue
D:2:      layout_rooms, shapermc_ecumenical_altar_pompeii
D:3:      layout_basic, elyvilon_altar_3, grunt_ministairs_3,
          chequers_serial_rivers_small_b, minivault_24
D:4:      layout_rooms, minmay_misc_feat_roman
D:5:      layout_basic, kennysheep_mini_moat
D:6:      layout_rooms, serial_shops, nicolae_shop_behind_doors, uniq_duvessa,
          uniq_eustachio
D:7:      minmay_the_grid_octo_2x2 [minmay_the_grid_octo_pinwheel,
          minmay_the_grid_octo_thin_diamonds, minmay_the_grid_octo_clover_2,
          minmay_the_grid_octo_prize_square_snowflake], layout_loops_corners,
          temple_fountains

Skill      XL: |  1  2  3  4  5  6  7  8  9 |
---------------+----------------------------+-----
Necromancy     | 1 2 3 4 5 6 |  6.5
Spellcasting   | 2 3 4 5 6 |  6.6
Axes           | 4 5 6 7 |  7.5
Fighting       | 4 5 6 |  6.8
Fire Magic     | |  3.6

Action                   |  1- 3 |  4- 6 |  7- 9 || total
-------------------------+-------+-------+-------++-------
Melee: Hand axe          |    46 |    12 |   106 ||   164
       Punch             |       |       |     1 ||     1
 Cast: Scorch            |       |       |    61 ||    61
Invok: Fiery Armour      |     2 |     2 |     3 ||     7
       Foxfire Swarm     |       |     4 |       ||     4
  Use: Potion            |     1 |       |       ||     1
       Scroll            |       |       |     2 ||     2
Armor: Robe              |    23 |    11 |    78 ||   112
Dodge: Dodged            |    44 |     4 |    89 ||   137

Table legend: (Time is in decaauts)
 A = Elapsed time spent in this place.
 B = Non-inter-level travel time spent in this place.
 C = Inter-level travel time spent in this place.
 D = Time resting spent in this place.
 E = Time spent auto-exploring this place.
 F = Levels seen in this place.
 G = Mean time per level.
                   A        B        C        D        E       F      G
               +--------+--------+--------+--------+--------+-----+--------+
         Total |   1764 |   1660 |    104 |      0 |      0 |   7 |  252.0 |
       Dungeon |   1764 |   1660 |    104 |      0 |      0 |   7 |  252.0 |
               +--------+--------+--------+--------+--------+-----+--------+

Top non-repeatable levels by time:
     D:5: 609 daAuts
     D:6: 356 daAuts
     D:4: 272 daAuts
     D:2: 245 daAuts
     D:1: 131 daAuts
     D:7: 99 daAuts
     D:3: 49 daAuts
